Map: [ESL] Royal Blood

Players

Solar

  • Race: Zerg Zerg
  • League: Master
  • Spawn Location: 1:00

Reynor - Winner!

  • Race: Zerg Zerg
  • League: Master
  • Spawn Location: 7:00

Event: HomeStory Cup XXIII

VOD

Have the link to the VOD?

Description

Time

  • Played on: July 2, 2023, 4:28 p.m.
  • Length: 10:34

All games in this series

Show
View Real Time Build Order
Export as new Build Order

Solar Zerg 

Build Orders: Hatch First, Roach Hydra 

Get SALT Encoding   

  12  0:00  Drone  
  13  0:11  Overlord  
  13  0:17  Drone  
  14  0:30  Drone x2  
  16  0:47  Hatchery  
  15  0:50  Drone  
  15  0:54  Drone  
  17  0:57  Drone  
  18  1:08  Extractor  
  17  1:12  Spawning Pool  
  17  1:15  Drone  
  17  1:18  Drone  
  18  1:27  Drone  
  19  1:38  Drone  
  20  1:49  Drone  
  21  1:59  Queen x2, Zergling x2  
  21  2:00  Overlord  
  26  2:08  Metabolic Boost  
  26  2:10  Drone x2  
  28  2:20  Drone  
  28  2:21  Drone  
  30  2:32  Hatchery  
  30  2:35  Drone  
  30  2:38  Drone  
  30  2:42  Drone  
  30  2:44  Overlord  
  32  2:53  Drone x2  
  34  3:02  Evolution Chamber  
  34  3:04  Drone x2  
  34  3:10  Zergling x6  
  34  3:11  Drone x2  
  39  3:15  Zergling x2  
  39  3:17  Queen  
  39  3:19  Overlord  
  42  3:22  Drone  
  43  3:29  Zerg Ground Armor Level 1  
  43  3:32  Drone  
  43  3:34  Overlord  
  44  3:40  Drone  
  45  3:43  Drone x3  
  45  3:44  Drone x2  
  45  3:46  Drone  
  51  3:51  Roach Warren  
  51  3:52  Drone  
  51  3:55  Extractor  
  50  3:57  Drone  
  50  3:58  Drone x2  
  53  4:04  Lair  
  53  4:06  Drone  
  53  4:08  Drone  
  55  4:10  Drone x2  
  55  4:12  Drone  
  55  4:14  Overlord  
  58  4:17  Drone x2  
  58  4:21  Extractor, Drone x2  
  61  4:25  Drone x3  
  61  4:29  Extractor, Overlord  
  63  4:33  Drone  
  63  4:36  Roach  
  67  4:38  Roach  
  67  4:39  Roach  
  67  4:43  Roach x2  
  67  4:45  Overlord  
  72  4:48  Roach x2  
  72  4:50  Overlord  
  72  4:52  Overlord  
  76  4:55  Roach  
  76  4:56  Roach  
  76  4:59  Overlord  
  80  5:01  Overseer  
  80  5:04  Glial Reconstitution  
  80  5:07  Overlord  
  80  5:08  Roach  
  80  5:11  Roach x2  
  86  5:15  Drone  
  86  5:17  Drone x2  
  86  5:19  Overlord  
  89  5:25  Overlord  
  89  5:29  Zerg Missile Weapons Level 1  
  89  5:33  Hydralisk Den  
  89  5:34  Spore Crawler x2  
  89  5:35  Drone x2  
  88  5:38  Drone, Spore Crawler  
  88  5:40  Drone x2  
  88  5:42  Extractor  
  89  5:43  Queen  
  89  5:44  Queen  
  89  5:46  Drone  
  89  5:48  Drone x2  
  96  5:55  Roach x2  
  96  5:56  Drone  
  101  5:58  Drone, Spore Crawler  
  101  6:00  Overlord  
  101  6:03  Muscular Augments  
  101  6:04  Overlord  
  101  6:11  Hydralisk x2  
  101  6:12  Hydralisk  
  101  6:15  Hydralisk  
  101  6:17  Hydralisk  
  109  6:19  Hydralisk  
  111  6:25  Hydralisk  
  111  6:26  Hydralisk x2  
  111  6:28  Overlord  
  111  6:31  Hydralisk  
  119  6:34  Hydralisk  
  121  6:43  Hydralisk x3  
  121  6:46  Overlord  
  126  6:54  Hydralisk x3  
  126  6:58  Overlord  
  132  7:02  Overlord  
  132  7:05  Roach x2  
  132  7:08  Roach x2  
  140  7:09  Overlord  
  140  7:14  Roach x2, Grooved Spines  
  140  7:15  Roach  
  146  7:19  Roach x3  
  146  7:21  Overlord  
  152  7:24  Roach x2  
  152  7:28  Roach x2  
  158  7:30  Overlord  
  158  7:33  Roach x3  
  158  7:37  Roach  
  166  7:41  Roach x3  
  166  7:43  Roach  
  176  7:44  Roach  
  176  7:46  Overlord  
  176  7:50  Roach x2  
  178  7:59  Roach x4  
  178  8:05  Roach x4  
  194  8:07  Overlord  
  194  8:12  Roach x3  
  192  8:19  Roach x3  
  182  8:21  Roach  
  182  8:22  Roach, Extractor  
  182  8:26  Roach  
  182  8:27  Roach x2  
  191  8:32  Ravager  
  190  8:34  Roach x2  
  190  8:38  Roach x2  
  190  8:39  Roach x2  
  198  8:42  Roach  
  196  8:52  Roach  
  196  8:53  Roach x2  
  196  8:55  Roach x4  
  182  9:07  Roach x3  
  186  9:22  Hydralisk x3  
  192  9:25  Hatchery  
  192  9:27  Roach x2  
  187  9:39  Roach x6  
  199  9:45  Roach  
  199  9:49  Roach x2  
  199  9:52  Roach x3  
  185  9:54  Roach  
  185  9:56  Roach  
  159  10:00  Hydralisk x2  
  159  10:02  Roach  
  159  10:05  Roach  
  159  10:07  Roach  
  137  10:09  Roach  
  137  10:12  Roach  
  137  10:13  Roach  
Show
View Real Time Build Order
Export as new Build Order

Reynor Zerg - Winner!

Build Orders: Hatch First 

Get SALT Encoding   

  12  0:00  Drone  
  13  0:12  Overlord  
  13  0:16  Drone  
  14  0:30  Drone x2  
  16  0:47  Hatchery  
  15  0:50  Drone  
  15  0:54  Drone  
  17  1:07  Spawning Pool  
  17  1:11  Drone  
  17  1:14  Drone  
  17  1:17  Drone  
  19  1:25  Extractor  
  18  1:27  Drone  
  19  1:39  Drone  
  20  1:49  Overlord  
  20  1:54  Queen  
  20  1:59  Queen, Drone x2  
  26  2:10  Drone x2  
  28  2:21  Drone x2  
  30  2:30  Queen  
  30  2:33  Overlord  
  30  2:34  Drone  
  33  2:42  Drone, Evolution Chamber  
  33  2:43  Drone  
  34  2:53  Drone x2  
  36  3:01  Overlord  
  36  3:02  Drone x2  
  36  3:03  Drone  
  39  3:09  Lair  
  39  3:13  Drone x4  
  39  3:15  Extractor  
  39  3:16  Drone  
  39  3:17  Roach Warren  
  42  3:23  Zerg Missile Weapons Level 1, Drone  
  42  3:27  Drone  
  44  3:33  Extractor, Overlord  
  43  3:35  Extractor  
  43  3:37  Drone x2  
  43  3:38  Drone  
  45  3:44  Overlord  
  45  3:45  Drone  
  45  3:46  Drone  
  47  3:49  Drone  
  48  3:58  Drone  
  48  3:59  Drone  
  50  4:07  Spire  
  50  4:08  Roach  
  50  4:09  Roach x2  
  55  4:14  Drone x2  
  57  4:17  Glial Reconstitution  
  57  4:21  Roach  
  57  4:22  Overlord  
  59  4:24  Roach x2  
  59  4:27  Roach  
  65  4:42  Hatchery  
  64  4:47  Overlord  
  64  4:50  Overlord  
  64  4:54  Drone  
  65  5:04  Overlord  
  65  5:12  Spine Crawler  
  64  5:19  Mutalisk x5  
  74  5:21  Mutalisk  
  74  5:23  Drone x6  
  82  5:31  Mutalisk  
  82  5:32  Queen  
  82  5:35  Overlord  
  84  5:39  Drone  
  85  5:46  Zerg Missile Weapons Level 2  
  85  5:48  Drone x4  
  89  5:50  Extractor  
  89  5:51  Extractor  
  89  5:54  Mutalisk  
  89  5:56  Overlord  
  90  5:57  Drone x2  
  91  6:07  Roach x4  
  99  6:12  Overlord  
  99  6:15  Drone x4  
  99  6:16  Drone  
  104  6:23  Drone  
  105  6:29  Drone x2  
  105  6:32  Evolution Chamber  
  106  6:36  Drone x2  
  106  6:37  Drone  
  109  6:44  Drone x2  
  109  6:45  Drone x2  
  113  6:47  Overlord  
  113  6:49  Overseer  
  113  6:51  Roach x3  
  119  6:54  Roach, Hatchery  
  119  6:55  Roach  
  119  6:58  Roach x2  
  127  7:02  Overlord  
  127  7:03  Spine Crawler  
  127  7:05  Ravager x3  
  127  7:07  Roach x2  
  133  7:12  Roach x2  
  133  7:13  Overlord  
  137  7:16  Ravager  
  137  7:17  Overlord  
  137  7:20  Overlord  
  137  7:22  Roach x2  
  142  7:24  Overlord  
  142  7:29  Roach x2  
  146  7:31  Overlord  
  146  7:32  Roach x2  
  150  7:38  Overlord, Ravager x3  
  150  7:39  Roach  
  150  7:40  Roach  
  150  7:43  Ravager  
  150  7:44  Ravager x2  
  160  7:47  Roach  
  160  7:48  Roach x3  
  168  7:53  Roach x3  
  168  7:57  Roach x3  
  180  8:00  Overlord  
  180  8:04  Zerg Ground Armor Level 1  
  180  8:07  Roach x3  
  186  8:13  Roach x2  
  186  8:14  Roach  
  172  8:20  Roach x4  
  172  8:26  Roach x3  
  186  8:32  Roach x3  
  186  8:37  Overlord, Ravager x3  
  187  8:42  Roach x2  
  187  8:47  Roach x3  
  187  8:48  Roach  
  191  8:53  Roach x2  
  191  8:54  Roach x2  
  179  8:55  Roach  
  179  8:59  Roach x2  
  179  9:03  Roach x3  
  185  9:10  Burrow, Tunneling Claws  
  185  9:12  Roach x2  
  185  9:15  Roach x2  
  185  9:16  Roach  
  195  9:22  Roach  
  195  9:23  Roach  
  199  9:31  Extractor  
  192  9:36  Roach x10  
  198  9:40  Roach  
  200  9:47  Roach x2  
  200  9:48  Roach  
  200  9:50  Roach x4  
  188  9:54  Roach x2  
  188  9:58  Roach x2  
  188  9:59  Roach  
  174  10:00  Roach  
  174  10:02  Roach  
  174  10:05  Roach x2  
  161  10:08  Roach  
  161  10:12  Roach x2  
Tags
 
Add a new tag
Caveats
  • Supply blocks, unpowered buildings, or Contaminate may cause inaccurate times.
  • Supply counts are checked every 10 seconds.